 Dungeon Crawl Stone Soup version 0.31.0-9-g3a7656b989 (webtiles) character file.

Game seed: 10601118431790013763

7298 Sobieck the Grappler (level 11, -6/103 HPs)
             Began as a Naga Shapeshifter on Jan 24, 2024.
             Was an Elder of Uskayaw.
             Mangled by a gargoyle
             ... wielding a +0 mace
              (19 damage)
             ... on level 10 of the Dungeon.
             The game lasted 00:29:10 (12814 turns).

Sobieck the Grappler (Naga Shapeshifter)           Turns: 12814, Time: 00:29:11

Health: -6/103     AC:  6    Str: 18    XL:     11   Next: 13%
Magic:  11/11      EV: 10    Int: 12    God:    Uskayaw [****..]
Gold:   238        SH:  0    Dex: 10    Spells: 10/10 levels left

rFire   + .          .
                       - Unarmed
rCold   . . .        (no shield)
rNeg    . . .        A - +0 ring mail of Kateod {rElec Str-2 Slay+2 Stlth+}
rPois   +            (helmet currently unavailable)
rElec   +            (cloak currently unavailable)
rCorr   .            (gloves currently unavailable)
SInv    +            (no barding)
Will    +....        (no amulet)
Stlth   ++++         f - ring of protection from fire
HPRegen 0.37/turn    (no ring)
MPRegen 0.12/turn

%: no passive effects
@: beast-form, very slow
A: beast (slay +3), AC +3, large, see invisible, deformed body, poison
resistance, slowness 2, spit poison 1, naga tail 1
a: Spit Poison, Begin Untransformation, Renounce Religion, Stomp, Line Pass


You were on level 10 of the Dungeon.
You worshipped Uskayaw.
Uskayaw was noncommittal.
You were a hulking beast.
You visited 1 branch of the dungeon, and saw 10 of its levels.

You collected 595 gold pieces.
You spent 357 gold pieces at shops.

Inventory:

Hand Weapons
 q - the +7 spear of the Warrior-Mage {flame, *Noise Fly rElec rF+ Int+2}
   (You found it on level 7 of the Dungeon)

   Int+2:     It affects your intelligence (+2).
   rF+:       It protects you from fire.
   rElec:     It insulates you from electricity.
   Fly:       It grants you flight.
   *Noise:    It may make a loud noise when swung.
 r - a +1 sling
Missiles
 Z - a throwing net
Armour
 a - a +0 animal skin
 h - the +0 ring mail of the Unicorn {^Contam Dex+8}
   (You found it on level 9 of the Dungeon)

   Dex+8:     It affects your dexterity (+8).
   ^Contam:   It causes magical contamination when unequipped.
 l - an orb of energy
 t - a +0 scale mail
 w - the +0 leather armour of Qayfu {+Inv rElec rPois rN+}
   (You found it on level 3 of the Dungeon)

   rElec:     It insulates you from electricity.
   rPois:     It protects you from poison rN+: It protects you from negative
   energy.
   +Inv:      It lets you turn invisible.
 y - the +1 robe of Impermeability {rF- Dex+4 Slay+2}
   (You found it on level 2 of the Dungeon)

   Dex+4:     It affects your dexterity (+4).
   Slay+2:    It affects your accuracy & damage with ranged weapons and melee
   (+2).
   rF-:       It makes you vulnerable to fire.
 A - the +0 ring mail of Kateod (worn) {rElec Str-2 Slay+2 Stlth+}
   (You found it on level 4 of the Dungeon)

   Str-2:     It affects your strength (-2).
   Slay+2:    It affects your accuracy & damage with ranged weapons and melee
   (+2).
   rElec:     It insulates you from electricity.
   Stlth+:    It makes you more stealthy.
 E - the +0 scale mail "Zoolab" {Int-3 Dex+4}
   (You found it on level 7 of the Dungeon)

   Int-3:     It affects your intelligence (-3).
   Dex+4:     It affects your dexterity (+4).
Magical Staves
 s - a staff of fire
Jewellery
 f - a ring of protection from fire (left hand)
Talismans
 c - a beast talisman
 d - a flux talisman
 n - a talisman of death
 u - a storm talisman
Wands
 F - a wand of polymorph (1)
 V - a wand of flame (9)
Scrolls
 b - 2 scrolls of blinking
 i - a scroll of noise
 j - a scroll of enchant armour
 k - a scroll of torment
 p - 3 scrolls of fear
 G - 3 scrolls of vulnerability
 T - 2 scrolls of teleportation
Potions
 e - a potion of mutation
 g - 3 potions of brilliance
 m - a potion of attraction
 o - a potion of enlightenment
 v - 2 potions of might
 x - a potion of cancellation
 z - a potion of ambrosia
 B - 2 potions of magic {unknown}
 D - 3 potions of lignification
 Q - 4 potions of curing


   Skills:
 + Level 7.8 Fighting
 + Level 5.6 Dodging
 + Level 9.7 Stealth
 * Level 10.6 Unarmed Combat
 + Level 6.5 Shapeshifting


You had 10 spell levels left.
You didn't know any spells.
Your spell library contained the following spells:

 Spells                   Type           Power      Damage    Failure   Level
 Sandblast                Erth           0%         2d4       52%         1
 Ensorcelled Hibernation  Hex/Ice        0%         N/A       65%         2
 Fugue of the Fallen      Necr           0%         N/A       87%         3
 Ozocubu's Armour         Ice            0%         N/A       87%         3
 Passwall                 Erth           0%         N/A       87%         3
 Stone Arrow              Conj/Erth      0%         3d7       87%         3
 Swiftness                Air            0%         N/A       87%         3
 Brom's Barrelling Bould  Conj/Erth      0%         2d3       99%         4
 Leda's Liquefaction      Alch/Erth      0%         N/A       99%         4
 Manifold Assault         Tloc           0%         N/A       99%         4
 Lee's Rapid Deconstruct  Erth           0%         3d4*      100%        5
 Shatter                  Erth           0%         3d5*      100%        9


Dungeon Overview and Level Annotations

Branches:
Dungeon (10/15)            Temple (0/1) D:7
   Lair: D:8-11         Orc: D:9-12

Altars:
Cheibriados
Dithmenos
Fedhas
Uskayaw
Vehumet
Xom

Shops:
D:3 (   D:6 ?   D:8 ([[!


Innate Abilities, Weirdness & Mutations

You are a hulking beast.
Your limbs bulge with bestial killing power. (Slay +3)
Your serpentine skin is tough. (AC +3)
You have supernaturally acute eyesight. (SInv)
Armour fits poorly on your strangely shaped body.
Your system is resistant to poisons. (rPois)
You cover ground very slowly.
You can spit poison.
You have a snake-like lower body.


Message History

You kill the two-headed ogre!
The gargoyle is no longer paralysed.
The gargoyle hurls a stone arrow at you.
The stone arrow hits you!!
Unknown command.
Uskayaw prepares the audience for your solo!
Things that are here:
a +0 giant spiked club; a +0 giant club You have got your breath back.
The gargoyle is no longer paralysed.
The gargoyle hits you with a +0 mace! x2
You hit the gargoyle but do no damage. The gargoyle hits you with a +0 mace!
Unknown command.
You hit the gargoyle but do no damage. You punch the gargoyle!
The gargoyle is moderately damaged.
The gargoyle hits you with a +0 mace.
You punch the gargoyle!
You punch the gargoyle, but do no damage.
The gargoyle is heavily damaged.
The gargoyle hits you with a +0 mace!!
* * * LOW HITPOINT WARNING * * *
You hit the gargoyle.
The gargoyle is heavily damaged.
The gargoyle barely misses you.
Unknown command.
You hit the gargoyle.
The gargoyle is severely damaged.
The gargoyle barely misses you.
Uskayaw will force your foes to share their pain.
You barely miss the gargoyle.
The gargoyle is severely damaged.
You hit the gargoyle.
The gargoyle is almost destroyed.
The gargoyle hurls a stone arrow at you.
The stone arrow misses you.
You hit the gargoyle but do no damage.
The gargoyle is almost destroyed.
The gargoyle hurls a stone arrow at you.
The stone arrow hits you!
* * * LOW HITPOINT WARNING * * *
Unknown command.
You hit the gargoyle but do no damage.
The gargoyle is almost destroyed.
The gargoyle hurls a stone arrow at you.
The stone arrow misses you.
You hit the gargoyle but do no damage.
You punch the gargoyle, but do no damage.
The gargoyle is almost destroyed.
The gargoyle hits you with a +0 mace!!
You die...

### ... ...
#.# #.# . #.#
...
#.#<####.#.#.
#...)h9......
###.#########
#.# #.# #.#
#.# #.# #.


You could see a gargoyle.

Vanquished Creatures
  A two-headed ogre (D:10)
  A hornet (D:8)
  3 wyverns
  2 steam dragons (D:8)
  4 yaks (D:9)
  An acid dragon (D:9)
  A water moccasin (D:7)
  Duvessa (D:6)
  An orc warrior (D:6)
  2 ice beasts
  2 black bears
  2 sky beasts
  3 ogres (D:7)
  2 phantoms
  4 centaurs
  4 bullfrogs
  A gnoll sergeant (D:7)
  4 scorpions
  27 wights
  Dowan (D:6)
  5 killer bees (D:8)
  A howler monkey (D:5)
  4 gnoll boudas
  7 hounds
  2 jellies (D:6)
  6 orc priests
  Ijyb (D:4)
  Terence (D:2)
  4 iguanas
  A sleepcap (D:7)
  10 orc wizards
  17 gnolls
  6 adders
  2 shadow imps
  A white imp (D:4)
  6 ufetubi
  A dart slug (D:1)
  33 orcs
  2 ball pythons
  2 bats
  3 endoplasms (D:1)
  4 giant cockroaches
  7 goblins
  7 hobgoblins
  4 jackals (D:4)
  10 kobolds
  2 quokkas (D:2)
  2 frilled lizards
  4 rats
222 creatures vanquished.

Notes
Turn   | Place    | Note
-------+----------+-------------------------------------------
     0 | D:1      | Sobieck the Naga Shapeshifter began the quest for the Orb.
     0 | D:1      | Reached XP level 1. HP: 18/18 MP: 1/1
    45 | D:1      | You fall into a shaft and drop 1 floor!
    46 | D:2      | Identified the +1 robe of Impermeability {rF- Dex+4 Slay+2}
   202 | D:1      | Reached XP level 2. HP: 15/25 MP: 2/2
   544 | D:1      | Reached XP level 3. HP: 32/32 MP: 3/3
  1319 | D:2      | Reached XP level 4. HP: 38/40 MP: 4/4
  1332 | D:2      | Reached skill level 4 in Unarmed Combat
  1334 | D:2      | Noticed Terence
  1349 | D:2      | Killed Terence
  1350 | D:2      | Reached skill level 3 in Fighting
  2035 | D:3      | Found Gigoy's Weapon Shop.
  2158 | D:3      | Identified the +0 leather armour of Qayfu {+Inv rElec rPois
                  | rN+}
  2582 | D:3      | Noticed a black bear
  2593 | D:3      | Killed a black bear
  2594 | D:3      | Reached XP level 5. HP: 12/50 MP: 5/5
  2804 | D:3      | Reached skill level 5 in Unarmed Combat
  3100 | D:4      | Reached XP level 6. HP: 52/57 MP: 6/6
  3167 | D:4      | Identified the +0 ring mail of Kateod {rElec Str-2 Slay+2
                  | Stlth+}
  3193 | D:4      | Found a hide-covered altar of Uskayaw.
  3263 | D:4      | Became a worshipper of Uskayaw the Reveller
  3398 | D:4      | Reached * piety under Uskayaw
  3430 | D:4      | Reached ** piety under Uskayaw
  3650 | D:4      | Noticed Ijyb
  3666 | D:4      | Killed Ijyb
  3667 | D:4      | Reached skill level 1 in Stealth
  3974 | D:5      | Entered Level 5 of the Dungeon
  4209 | D:5      | Found a shimmering altar of Xom.
  4210 | D:5      | Found a shadowy altar of Dithmenos.
  4211 | D:5      | Found a snail-covered altar of Cheibriados.
  4211 | D:5      | Found a radiant altar of Vehumet.
  4212 | D:5      | Found a blossoming altar of Fedhas.
  4372 | D:4      | Reached *** piety under Uskayaw
  4457 | D:5      | Noticed an ice beast
  4554 | D:5      | Reached XP level 7. HP: 61/66 MP: 7/7
  4968 | D:5      | Reached skill level 6 in Unarmed Combat
  5378 | D:5      | Reached skill level 3 in Stealth
  5577 | D:6      | Noticed Dowan
  5595 | D:6      | Reached XP level 8. HP: 54/73 MP: 8/8
  5599 | D:6      | Reached **** piety under Uskayaw
  6170 | D:6      | Reached skill level 3 in Dodging
  6185 | D:6      | Reached skill level 7 in Unarmed Combat
  6426 | D:6      | Found Ehod Jie's Magic Scroll Shoppe.
  6450 | D:6      | Bought a scroll of blinking for 105 gold pieces
  6450 | D:6      | Bought a scroll of noise for 14 gold pieces
  6479 | D:6      | Noticed Duvessa
  6487 | D:6      | Killed Duvessa
  6501 | D:6      | Killed Dowan
  6716 | D:6      | Bought a scroll of identify for 28 gold pieces
  6716 | D:6      | Bought a scroll of identify for 28 gold pieces
  6967 | D:7      | Reached ***** piety under Uskayaw
  6969 | D:7      | Reached XP level 9. HP: 53/82 MP: 9/9
  7130 | D:7      | Reached skill level 6 in Stealth
  7232 | D:7      | Reached skill level 6 in Fighting
  7232 | D:7      | Reached skill level 8 in Unarmed Combat
  7285 | D:7      | Found a staircase to the Ecumenical Temple.
  7319 | D:7      | Identified the +7 spear of the Warrior-Mage {flame, *Noise
                  | Fly rElec rF+ Int+2}
  8061 | D:7      | Identified the +0 scale mail "Zoolab" {Int-3 Dex+4}
  8888 | D:7      | Reached skill level 9 in Unarmed Combat
  8888 | D:7      | Reached XP level 10. HP: 62/92 MP: 10/10
  9035 | D:7      | Got Awniomaq's Vademecum on the Tektite
  9855 | D:8      | Found Xainemia's Antique Weapon Shop.
 10468 | D:8      | Reached skill level 6 in Shapeshifting
 10640 | D:8      | Found Bomueps's Antique Armour Shop.
 10860 | D:8      | Reached skill level 10 in Unarmed Combat
 10884 | D:8      | Found Esmisaes's Distillery.
 10895 | D:8      | Bought a potion of heal wounds for 65 gold pieces
 10895 | D:8      | Bought a potion of might for 52 gold pieces
 10895 | D:8      | Bought a potion of berserk rage for 65 gold pieces
 10996 | D:8      | Found Juzeak's Armour Shoppe.
 11241 | D:9      | Reached skill level 9 in Stealth
 11803 | D:9      | Identified the +0 ring mail of the Unicorn {^Contam Dex+8}
 12289 | D:9      | Reached XP level 11. HP: 36/100 MP: 11/11
 12294 | D:9      | HP: 5/100 [yak (10)]
 12792 | D:10     | Entered Level 10 of the Dungeon
 12795 | D:10     | Noticed a two-headed ogre
 12801 | D:10     | Killed a two-headed ogre
 12814 | D:10     | Mangled by a gargoyle

Illustrated notes

Levels and vault maps discovered:
D:1:      spicycebolla_arrival_ecumenical, layout_loops_corners,
          minmay_pentomino_z4
D:2:      layout_basic, uniq_terence
D:3:      layout_basic, serial_shops, nicolae_shop_trees
D:4:      layout_loops_ring, kennysheep_mini, uniq_ijyb
D:5:      layout_cave_pods, grunt_temple_overflow_open, serial_co_window_serial,
          co_window_corner_a, co_window_paths_a, co_window_paths_a,
          co_window_of_opportunity_a, co_window_of_opportunity_a,
          co_window_corner_ca, co_window_corner_b, co_window_broadway_b,
          co_window_broadway_a, glass_columns_a, glass_columns_c,
          serial_library_hellmonk_big_corner
D:6:      layout_gridville, serial_shops, nicolae_shop_statue_plus,
          kennysheep_small_circle, uniq_duvessa
D:7:      kennysheep_housing_project, layout_basic, minmay_temple_entry_ruins
D:8:      layout_cave_pools, serial_shops, shop, nicolae_shop_tiny_glass, shop,
          shop
D:9:      layout_stronghold
D:10:     layout_loops_ring, serial_glass, glass_columns_c, glass_columns_a,
          glass_columns_c, glass_columns_b, glass_columns_a, glass_columns_a,
          glass_columns_c, glass_columns_b, nicolae_shop_fire_sale
          [nicolae_sub_dead_trees], uniq_harold, uniq_josephine

Skill      XL: |  1  2  3  4  5  6  7  8  9 10 |
---------------+-------------------------------+-----
Fighting       | 2 3 4 5 6 7 |  7.8
Unarmed Combat | 4 5 6 7 9 10 | 10.6
Stealth        | 1 3 5 7 9 |  9.7
Dodging        | 2 3 4 5 |  5.6
Shapeshifting  | 4 5 6 |  6.5

Action                     |  1- 3 |  4- 6 |  7- 9 | 10-12 || total
---------------------------+-------+-------+-------+-------++-------
  Melee: Unarmed           |    49 |   112 |   303 |   204 ||   668
         Punch             |       |     3 |    24 |     9 ||    36
   Fire: Sling             |       |     6 |       |       ||     6
 Invoke: Stomp             |       |     1 |     2 |       ||     3
Ability: Spit Poison       |    14 |    24 |    29 |     7 ||    74
  Evoke: Wand              |       |       |     4 |     5 ||     9
    Use: Potion            |       |     1 |     2 |     3 ||     6
         Scroll            |       |    13 |     5 |     2 ||    20
   Stab: Paralysed         |       |     1 |    12 |     6 ||    19
         Sleeping          |       |       |       |     2 ||     2
 Armour: Animal skin       |    27 |     9 |       |       ||    36
         Leather armour    |       |    32 |       |       ||    32
         Scale mail        |       |     7 |       |       ||     7
         Skin              |       |     1 |       |       ||     1
         Ring mail         |       |    42 |   216 |   213 ||   471
  Dodge: Dodged            |    16 |    50 |   129 |    93 ||   288
